 Dungeon Crawl Stone Soup version 0.27-a0-836-gfc908b8576 (webtiles) character file.

Game seed: 15541418494613384007

37 tilp the Skirmisher (level 3, 0/42 HPs)
             Began as an Ogre Warper on Apr 1, 2021.
             Succumbed to an adder's poison
             ... on level 3 of the Dungeon.
             The game lasted 00:03:21 (2071 turns).

tilp the Skirmisher (Ogre Warper)                   Turns: 2071, Time: 00:03:21

Health: 0/42       AC:  3    Str: 15    XL:     3   Next: 39%
Magic:  6/6        EV: 10    Int: 15    God:
Gold:   134        SH:  0    Dex: 14    Spells: 4/6 levels left

rFire    + . .     SeeInvis .   a - +0 mace
rCold    . . .     Faith    .   (no shield)
rNeg     . . .     Spirit   .   b - +0 robe
rPois    .         Reflect  .   (helmet restricted)
rElec    .         Harm     .   (no cloak)
rCorr    .         Rampage  .   (gloves unavailable)
Will     .....                  (boots unavailable)
Stlth    +.........             (no amulet)
HPRegen  0.14/turn              c - ring of protection from fire
MPRegen  0.10/turn              n - +6 ring of dexterity

@: brilliant, lethally poisoned (0 -> -6)
A: large, unfitting armour, tough skin 1
a: no special abilities


You were on level 3 of the Dungeon.
You visited 1 branch of the dungeon, and saw 3 of its levels.

You collected 134 gold pieces.

Inventory:

Hand Weapons
 a - a +0 mace (weapon)
Missiles
 e - 5 boomerangs of dispersal {!f}
 g - 59 stones (quivered)
Armour
 b - a +0 robe (worn)
Magical Staves
 f - a staff of air
Jewellery
 c - a ring of protection from fire (left hand)
 i - a ring of resist corrosion
 m - a ring of protection from fire
 n - a +6 ring of dexterity (right hand)
Scrolls
 d - a scroll of blinking
 h - a scroll of torment {unknown}
 j - a scroll of identify {unknown}
Potions
 l - a potion of brilliance


   Skills:
 + Level 5.0 Fighting
 - Level 1.7 Maces & Flails
 - Level 1.0 Throwing
 - Level 2.1 Dodging
 - Level 2.4 Spellcasting
 - Level 2.6 Translocations


You had 4 spell levels left.
You knew the following spells:

 Your Spells              Type           Power      Damage    Failure   Level
a - Blink                 Tloc           N/A        N/A       11%         2

Your spell library contained the following spells:

 Spells                   Type           Power      Damage    Failure   Level
 Gell's Gravitas          Tloc           7%         N/A       22%         3
 Lesser Beckoning         Tloc           7%         N/A       22%         3
 Teleport Other           Tloc           14%        N/A       22%         3
 Manifold Assault         Tloc           14%        N/A       89%         5


Dungeon Overview and Level Annotations

Branches:
Dungeon (3/15)

Altars:
Wu Jian

Annotations:
D:2 Sigmund


Innate Abilities, Weirdness & Mutations

You are too large for most types of armour.
You have tough skin. (AC +1)


Message History

You throw a curare-tipped dart.
The curare-tipped dart closely misses the adder.
The curare-tipped dart hits the endoplasm.
The adder closely misses you.
Throw: dart (curare)
Press: ? - help, Shift-Dir - straight line, f/p - adder
Aim: an adder (42% to hit)
You throw a curare-tipped dart.
The curare-tipped dart closely misses the adder.
The curare-tipped dart hits the endoplasm.
The adder completely misses you.
You miss the adder. The adder barely misses you. The adder bites you.
* * * LOW HITPOINT WARNING * * *
You miss the adder. The adder barely misses you. The adder bites you.
* * * LOW HITPOINT WARNING * * *
You hit the adder.
The adder is moderately wounded.
The adder closely misses you. The adder bites you.
* * * LOW HITPOINT WARNING * * *
You hit the adder.
The adder is severely wounded.
The adder bites you.
* * * LOW HITPOINT WARNING * * *
You barely miss the adder.
The adder is severely wounded.
The adder closely misses you. The adder barely misses you.
You hit the adder.
The adder is almost dead.
The adder bites you.
* * * LOW HITPOINT WARNING * * *
The adder bites you.
* * * LOW HITPOINT WARNING * * *
You are lethally poisoned!
The adder poisons you!
It was a potion of brilliance.
You feel clever all of a sudden.
* * * LOW HITPOINT WARNING * * *
You feel sick. The adder closely misses you.
Unknown command.
You die...

#.# #.# #.#
#.# #.# #.#
. #.#
....#####.#
.....JS.@.#
...########


You could see an adder and an endoplasm.

Vanquished Creatures
  A dart slug (D:1)
  2 bats (D:1)
  10 endoplasms
  2 goblins
  4 jackals (D:3)
  3 quokkas
  3 ball pythons
  3 rats
28 creatures vanquished.

Notes
Turn   | Place    | Note
-------+----------+-------------------------------------------
     0 | D:1      | tilp the Ogre Warper began the quest for the Orb.
     0 | D:1      | Reached XP level 1. HP: 22/22 MP: 3/3
    33 | D:1      | Reached skill level 3 in Fighting
   131 | D:1      | Reached XP level 2. HP: 31/32 MP: 5/5
   134 | D:1      | Learned a level 2 spell: Blink
   396 | D:1      | Reached skill level 4 in Fighting
  1041 | D:2      | Noticed Sigmund
  1555 | D:2      | Reached XP level 3. HP: 38/40 MP: 6/6
  1874 | D:2      | Found an ornate altar of the Wu Jian Council.
  2060 | D:3      | Reached skill level 5 in Fighting
  2070 | D:3      | HP: 1/42 [poisoned by an adder]
  2071 | D:3      | Succumbed to an adder's poison

Illustrated notes

Levels and vault maps discovered:
D:1:      eino_arrival_water_cross, layout_basic, minmay_stone_trees_medium,
          minmay_tetromino_s4
D:2:      layout_loops_ring, nzn_wu_jian_council_hall, uniq_sigmund
D:3:      layout_basic, nicolae_vehumet_radiance, old_standard_altar,
          serial_shops, shop, lemuel_old_faithful

Skill      XL: |  1  2  3 |
---------------+----------+-----
Fighting       | 3 4 5 |  5.0
Maces & Flails | |  1.7
Throwing       | |  1.0
Dodging        | |  2.1
Spellcasting   | |  2.4
Translocations | |  2.6

Action                   || total
-------------------------++-------
Melee: Mace              ||   103
Throw: Stone             ||    13
       Dart              ||     3
 Cast: Blink             ||     3
  Use: Potion            ||     1
Armor: Robe              ||    38
Dodge: Dodged            ||    60

Table legend: (Time is in decaauts)
 A = Elapsed time spent in this place.
 B = Non-inter-level travel time spent in this place.
 C = Inter-level travel time spent in this place.
 D = Time resting spent in this place.
 E = Time spent auto-exploring this place.
 F = Levels seen in this place.
 G = Mean time per level.
                   A        B        C        D        E       F      G
               +--------+--------+--------+--------+--------+-----+--------+
         Total |   2102 |   1992 |    110 |    238 |   1438 |   3 |  700.7 |
       Dungeon |   2102 |   1992 |    110 |    238 |   1438 |   3 |  700.7 |
               +--------+--------+--------+--------+--------+-----+--------+

Top non-repeatable levels by time:
     D:1: 1188 daAuts
     D:2: 827 daAuts
     D:3: 86 daAuts
